 Dungeon Crawl Stone Soup version 0.29.1-2-gbd0b4ee654 (webtiles) character file.

Game seed: 15890618946715186175

93111 qeuew the Severer (level 16, 0/124 HPs)
             Began as a Formicid Fighter on Nov 3, 2022.
             Was a Priest of Cheibriados.
             Slain by an eight-headed hydra (7 damage)
             ... on level 11 of the Dungeon.
             The game lasted 00:37:00 (19221 turns).

qeuew the Severer (Formicid Fighter)               Turns: 19221, Time: 00:37:00

Health: 0/124      AC: 15    Str: 32    XL:     16   Next: 55%
Magic:  18/23      EV: 15    Int: 17    God:    Cheibriados [***...]
Gold:   2431       SH: 27    Dex: 23    Spells: 15/15 levels left

rFire   + . .      SeeInvis +   z - +2 battleaxe (freeze)
rCold   + + +      Faith    .   p - +0 tower shield {rC+}
rNeg    . . .      Spirit   .   c - +0 plate armour {rC+}
rPois   .          Reflect  +   (helmet unavailable)
rElec   .          Harm     .   E - scarf {rC+ rF+}
rCorr   .          Rampage  .   B - +1 pair of gloves {Stlth+}
Will    +....                   y - +0 pair of boots
Stlth   ..........              m - amulet of reflection
HPRegen 0.30/turn               f - +4 ring of evasion
MPRegen 0.18/turn               h - ring of flight

@: flying, invisible, very slow
A: permanent stasis, dig shafts and tunnels, antennae 3, four strong arms,
deformed body, weak 1
a: Dig, Shaft Self, Renounce Religion, Bend Time, Temporal Distortion


You were on level 11 of the Dungeon.
You worshipped Cheibriados.
Cheibriados was most pleased with you.
You visited 2 branches of the dungeon, and saw 16 of its levels.
You also visited: Sewer, Ossuary, Ice Cave and Volcano.

You collected 2431 gold pieces.

Inventory:

Hand Weapons
 z - a +2 battleaxe of freezing (weapon)
Missiles
 u - 5 throwing nets
Armour
 c - a +0 plate armour of cold resistance (worn)
 p - a +0 tower shield of cold resistance (worn)
 y - a +0 pair of boots (worn)
 B - a +1 pair of gloves of stealth (worn)
 E - a scarf of resistance (worn)
Jewellery
 f - a +4 ring of evasion (left hand)
 h - a ring of flight (right hand)
 l - a +4 ring of slaying
 m - an amulet of reflection (around neck)
Wands
 a - a wand of flame (11)
 e - a wand of iceblast (11)
 v - a wand of charming (11)
Scrolls
 b - a scroll of brand weapon
 k - 2 scrolls of fog
 o - 4 scrolls of enchant armour
 r - 2 scrolls of silence
 s - a scroll of fear
 t - 9 scrolls of identify
 w - a scroll of amnesia
 x - 3 scrolls of enchant weapon
Potions
 d - 5 potions of might
 g - 2 potions of cancellation
 i - 3 potions of magic
 j - 8 potions of curing
 q - a potion of invisibility
 D - a potion of brilliance


   Skills:
 + Level 10.6 Fighting
 + Level 16.4 Axes
 * Level 14.0 Armour
 + Level 6.0 Dodging
 - Level 1.1 Stealth
 * Level 16.0 Shields
 * Level 10.1 Invocations


You had 15 spell levels left.
You didn't know any spells.
Your spell library contained the following spells:

 Spells                   Type           Power      Damage    Failure   Level
 Beastly Appendage        Tmut           0%         N/A       97%         1
 Foxfire                  Conj/Fire      0%         2x1d4     97%         1
 Freeze                   Ice            0%         1d3       97%         1
 Ensorcelled Hibernation  Hex/Ice        0%         N/A       99%         2
 Passwall                 Tmut/Erth      0%         N/A       99%         2
 Scorch                   Fire           0%         2d5       99%         2
 Sublimation of Blood     Necr           0%         N/A       99%         2
 Wereblood                Tmut           0%         N/A       99%         2
 Conjure Flame            Conj/Fire      0%         6-21      100%        3
 Frozen Ramparts          Ice            0%         1d1       100%        3
 Gell's Gravitas          Tloc           0%         N/A       100%        3
 Inner Flame              Hex/Fire       0%         N/A       100%        3
 Lesser Beckoning         Tloc           0%         N/A       100%        3
 Ozocubu's Armour         Ice            0%         N/A       100%        3
 Spider Form              Tmut/Pois      0%         N/A       100%        3
 Teleport Other           Tloc           0%         N/A       100%        3
 Anguish                  Hex/Necr       0%         N/A       100%        4
 Cause Fear               Hex            0%         N/A       100%        4
 Flame Wave               Conj/Fire      0%         2d4       100%        4
 Hailstorm                Conj/Ice       0%         3d3       100%        4
 Leda's Liquefaction      Hex/Erth       0%         N/A       100%        4
 Petrify                  Tmut/Erth      0%         N/A       100%        4
 Blade Hands              Tmut           0%         N/A       100%        5
 Irradiate                Conj/Tmut      0%         3d11      100%        5
 Iskenderun's Battlesphe  Conj           0%         2d6       100%        5
 Lee's Rapid Deconstruct  Erth           0%         3d5*      100%        5
 Manifold Assault         Tloc           0%         N/A       100%        5
 Dispersal                Tloc           0%         N/A       100%        6
 Iron Shot                Conj/Erth      0%         9d1       100%        6
 Statue Form              Tmut/Erth      0%         N/A       100%        6
 Summon Cactus Giant      Summ           0%         N/A       100%        6
 Dragon Form              Tmut           0%         N/A       100%        7
 Ozocubu's Refrigeration  Ice            0%         4d7       100%        7
 Spellforged Servitor     Conj/Summ      0%         N/A       100%        7
 Borgnjor's Revivificati  Necr           0%         N/A       100%        8
 Discord                  Hex            0%         N/A       100%        8
 Necromutation            Tmut/Necr      0%         N/A       100%        8
 Death's Door             Necr           0%         N/A       100%        9
 Blink                    Tloc           Unusable   N/A       N/A         2
 Swiftness                Air            Unusable   N/A       N/A         3

Dungeon Overview and Level Annotations

Branches:
Dungeon (11/15)            Temple (0/1) D:7            Lair (5/5) D:8
  Swamp (0/4) Lair:3       Spider (0/4) Lair:3        Slime (0/5) Lair:5
  Sewer (visited)         Ossuary (visited)           IceCv (visited)
Volcano (visited)
    Orc: D:9-12

Altars:
Ashenzari
Cheibriados
Dithmenos
Nemelex Xobeh
Uskayaw
Wu Jian

Shops:
D:2 ?

Annotations:
Lair:5 exclusion: obsidian statue


Innate Abilities, Weirdness & Mutations

You cannot be hasted, slowed, berserked, paralysed or teleported.
You can dig through walls and to a lower floor.
You have a pair of large antennae on your head. (SInv)
Your four strong arms can wield two-handed weapons with a shield.
Armour fits poorly on your strangely shaped body.
You are weak. (Str -2)


Message History

You feel less confused.
You hack one of the seven-headed hydra's heads off!
The six-headed hydra grows two more!
You slice the eight-headed hydra!! You freeze the eight-headed hydra!
The eight-headed hydra is severely wounded.
The eight-headed hydra is no longer moving slowly.
You block the eight-headed hydra's attack. x2
The eight-headed hydra bites you!
* * * LOW HITPOINT WARNING * * *
You block the eight-headed hydra's attack.
The eight-headed hydra bites you but does no damage. x2
You block the eight-headed hydra's attack.
The eight-headed hydra bites you!
* * * LOW HITPOINT WARNING * * *
You barely miss the eight-headed hydra.
The eight-headed hydra is severely wounded.
You block the eight-headed hydra's attack.
The eight-headed hydra barely misses you.
You block the eight-headed hydra's attack.
The eight-headed hydra bites you!
* * * LOW HITPOINT WARNING * * *
You block the eight-headed hydra's attack.
The eight-headed hydra misses you.
The eight-headed hydra bites you but does no damage.
The eight-headed hydra bites you!
* * * LOW HITPOINT WARNING * * *
Unknown command.
Activating: Slouch (1% risk of failure)
Press: ? - help, Q - select action, (/) - cycle Dir - look around, f - activate You can feel time thicken for a moment.
You can no longer inflict damage on those overly hasty.
Cheibriados lowers the support of your attributes as your movement quickens.
You block the eight-headed hydra's attack. x2
The eight-headed hydra closely misses you.
The eight-headed hydra bites you.
* * * LOW HITPOINT WARNING * * *
The eight-headed hydra barely misses you.
The eight-headed hydra closely misses you.
The eight-headed hydra bites you!
You die...

##.###)##...#.#....#......##.....
#...#†....††.#.............).....
......#...†.#.#.)...#......##))..
...#.#.)...#.##.....##.....##....
......#.†.###.#............#...).
#........###.#†..#...........#..)
.##.##.##.#.#.)##...........##...
#.#..#..#(#...#....#............
##.##.##.#†..#.@D............}..
#...........##............<....
##.....##....#.....#...........
##...##...###.................
#..###...# #........#.###....
#### #...# #.....####..##....
##### #..#...# #.###....
##....####........
##.####....#.....


You could see an eight-headed hydra (unable to see you).

Vanquished Creatures
  A frost giant (IceCv)
  Josephine (Lair:4)
  The ghost of RipUnclePhilFR the Martial Artist, a journeyman OpFi of Okawaru (Lair:2)
  7 hydras
  Harold (Lair:1)
  3 boulder beetles
  A centaur warrior (D:11)
  4 two-headed ogres
  8 death yaks (IceCv)
  Urug (Lair:4)
  3 spectral death yaks (Lair:5)
  A salamander mystic (Volcano)
  A spectral anaconda (Lair:5)
  3 necromancers (Lair:5)
  An oklob plant (Lair:5)
  2 ugly things (D:11)
  A cyclops (D:11)
  3 salamanders (Volcano)
  29 elephants
  2 black mambas
  An ice statue (IceCv)
  12 cane toads
  Maggie (D:6)
  8 komodo dragons
  An efreet (D:11)
  9 rime drakes
  A troll (D:11)
  A spectral elephant (Lair:5)
  7 polar bears
  Grinder (D:6)
  9 blink frogs (Lair:4)
  A tyrant leech (Lair:3)
  A jumping spider (Lair:3)
  11 dream sheep
  Sigmund (D:3)
  2 shadows
  8 wraiths
  8 wyverns
  6 spriggans (Lair:1)
  21 yaks
  3 fire bats (Lair:3)
  2 basilisks
  5 vampire mosquitoes
  A death yak simulacrum (Lair:5)
  A spectral cane toad (Lair:5)
  A swamp worm (Lair:3)
  Duvessa (D:6)
  3 acid dragons
  15 water moccasins
  5 orc warriors
  An ice beast (D:7)
  2 sky beasts (D:7)
  A black bear (D:5)
  An elephant skeleton (Lair:5)
  4 ogres
  24 wolves
  3 centaurs
  3 phantoms
  5 kobold brigands
  9 bullfrogs
  A necrophage (D:5)
  A scorpion (D:5)
  A cane toad simulacrum (Lair:5)
  14 wights
  Dowan (D:6)
  40 killer bees
  2 elephant simulacra (Lair:5)
  An electric eel (Lair:4)
  A howler monkey (D:9)
  A centaur zombie (Ossuary)
  9 jellies
  Crazy Yiuf (D:6)
  6 orc priests
  2 hounds
  7 iguanas
  8 orc wizards
  Ijyb (D:2)
  4 river rats
  7 adders
  2 ufetubi
  A worm (D:3)
  5 dart slugs
  30 orcs
  9 ball pythons
  21 endoplasms
  6 giant cockroaches
  17 goblins
  10 hobgoblins
  8 jackals
  3 quokkas
  A ball python skeleton (Ossuary)
  2 bats (D:1)
  5 frilled lizards
  2 hobgoblin skeletons (Ossuary)
  A hobgoblin zombie (Ossuary)
  40 kobolds
  3 kobold zombies (Ossuary)
  An orc zombie (Ossuary)
  8 rats
  A bush (Lair:4)
558 creatures vanquished.

Vanquished Creatures (collateral kills)
  2 dire elephants (Lair:5)
2 creatures vanquished.

Vanquished Creatures (others)
  A gnoll sergeant (D:11)
  2 killer bees (D:11)
  14 fungi
  47 plants
  22 withered plants (Lair:5)
86 creatures vanquished.

Grand Total: 646 creatures vanquished

Notes
Turn   | Place    | Note
-------+----------+-------------------------------------------
     0 | D:1      | qeuew the Formicid Fighter began the quest for the Orb.
     0 | D:1      | Reached XP level 1. HP: 18/18 MP: 1/1
   308 | D:1      | Reached XP level 2. HP: 18/24 MP: 2/2
   835 | D:2      | Reached XP level 3. HP: 28/29 MP: 3/3
   988 | D:2      | Noticed Ijyb
  1005 | D:2      | Killed Ijyb
  1006 | D:2      | Reached XP level 4. HP: 31/36 MP: 4/4
  1231 | D:2      | Found Xyink's Magic Scroll Emporium.
  1600 | D:3      | Noticed Sigmund
  1609 | D:3      | Killed Sigmund
  1610 | D:3      | Reached skill level 5 in Axes
  1610 | D:3      | Reached XP level 5. HP: 34/42 MP: 5/5
  1610 | D:3      | Reached XP level 6. HP: 39/48 MP: 6/6
  2240 | D:3      | Found a sparkling altar of Nemelex Xobeh.
  2576 | D:4      | Reached skill level 1 in Dodging
  2695 | D:4      | Noticed an ogre
  2700 | D:4      | Reached XP level 7. HP: 51/53 MP: 7/7
  2885 | D:4      | Found a hide-covered altar of Uskayaw.
  3378 | D:4      | Found a snail-covered altar of Cheibriados.
  3864 | D:4      | Became a worshipper of Cheibriados the Contemplative
  3892 | D:5      | Entered Level 5 of the Dungeon
  3941 | D:5      | Found a glowing drain.
  3950 | Sewer    | Entered a sewer
  4054 | Sewer    | Reached XP level 8. HP: 60/60 MP: 8/8
  4097 | Sewer    | Reached skill level 5 in Shields
  4097 | Sewer    | Reached * piety under Cheibriados
  4132 | Sewer    | Found a shimmering altar of Xom.
  4310 | D:5      | Found a sand-covered staircase.
  4315 | Ossuary  | Entered an ossuary
  4396 | Ossuary  | Noticed a wraith
  4396 | Ossuary  | Noticed a flying skull
  4403 | Ossuary  | Noticed a flying skull
  4428 | Ossuary  | Noticed a flying skull
  4545 | Ossuary  | Noticed a wraith
  4554 | Ossuary  | Killed a wraith
  4626 | Ossuary  | Noticed a wraith
  4638 | Ossuary  | Killed a wraith
  4639 | Ossuary  | Reached skill level 5 in Armour
  4760 | D:5      | Reached ** piety under Cheibriados
  4782 | D:5      | Reached XP level 9. HP: 66/66 MP: 9/9
  5327 | D:5      | Reached skill level 5 in Fighting
  5676 | D:5      | Identified a scroll of acquirement
  5676 | D:5      | Acquired 1208 gold pieces
  5684 | D:5      | Reached XP level 10. HP: 79/79 MP: 10/10
  5772 | D:6      | Noticed Maggie
  5782 | D:6      | Killed Maggie
  6004 | D:6      | Found a runed translucent door.
  6005 | D:6      | Noticed Crazy Yiuf
  6194 | D:6      | Noticed Duvessa
  6201 | D:6      | Killed Duvessa
  6201 | D:6      | Noticed Dowan
  6210 | D:6      | Killed Dowan
  6341 | D:6      | Reached *** piety under Cheibriados
  6584 | D:6      | Noticed Grinder
  6592 | D:6      | Killed Grinder
  6804 | D:6      | Killed Crazy Yiuf
  6993 | D:7      | Found a staircase to the Ecumenical Temple.
  7886 | D:8      | Found a shadowy altar of Dithmenos.
  7898 | D:8      | Reached skill level 1 in Stealth
  7966 | D:8      | Reached XP level 11. HP: 82/82 MP: 11/11
  8122 | D:8      | Found a staircase to the Lair.
  8181 | D:8      | Reached **** piety under Cheibriados
  8374 | D:9      | Found a broken altar of Ashenzari.
  8376 | D:9      | Noticed a two-headed ogre
  8382 | D:9      | Killed a two-headed ogre
  8682 | D:9      | Reached ***** piety under Cheibriados
  8764 | D:9      | Reached skill level 1 in Invocations
  9526 | D:9      | Found an ornate altar of the Wu Jian Council.
  9658 | D:10     | Entered Level 10 of the Dungeon
  9803 | D:10     | Noticed a two-headed ogre
  9813 | D:10     | Killed a two-headed ogre
 10204 | D:10     | Reached skill level 5 in Dodging
 10472 | D:11     | Noticed a two-headed ogre
 10477 | D:11     | Killed a two-headed ogre
 10478 | D:11     | Reached skill level 10 in Shields
 10478 | D:11     | Noticed a red ugly thing
 10552 | Lair:1   | Entered Level 1 of the Lair of Beasts
 10561 | Lair:1   | Reached XP level 12. HP: 94/94 MP: 14/14
 10737 | Lair:1   | Noticed Harold
 10745 | Lair:1   | Killed Harold
 11136 | Lair:1   | Found a sparkling altar of Nemelex Xobeh.
 11831 | Lair:2   | Noticed RipUnclePhilFR's ghost (journeyman OpFi)
 11988 | Lair:2   | Reached skill level 5 in Invocations
 12115 | Lair:2   | Found a transporter.
 12118 | Lair:2   | Found a transporter.
 12477 | Lair:2   | Killed RipUnclePhilFR's ghost
 12478 | Lair:2   | Reached XP level 13. HP: 80/101 MP: 15/17
 12633 | Lair:3   | Reached ****** piety under Cheibriados
 12670 | Lair:3   | Reached skill level 10 in Armour
 12674 | Lair:3   | Found a dark tunnel.
 12684 | Volcano  | Entered a volcano
 13276 | Lair:3   | Found a hole to the Spider Nest.
 13889 | Lair:3   | Found a staircase to the Swamp.
 13889 | Lair:3   | Noticed a five-headed hydra
 13889 | Lair:3   | Noticed an eight-headed hydra
 13895 | Lair:3   | Killed a ten-headed hydra
 13896 | Lair:3   | Killed a nine-headed hydra
 14512 | Lair:4   | Noticed Josephine
 14519 | Lair:4   | Killed Josephine
 14584 | Lair:4   | Reached skill level 15 in Axes
 14589 | Lair:4   | Noticed a boulder beetle
 14596 | Lair:4   | HP: 1/101 [boulder beetle (8)]
 14605 | Lair:4   | Reached XP level 14. HP: 37/108 MP: 19/19
 14671 | Lair:4   | Found a frozen archway.
 14673 | Lair:4   | Noticed Urug
 14684 | Lair:4   | Killed Urug
 14696 | IceCv    | Entered an ice cave
 15375 | IceCv    | Noticed a frost giant
 15385 | IceCv    | Killed a frost giant
 15577 | IceCv    | Reached skill level 10 in Fighting
 15949 | IceCv    | Reached XP level 15. HP: 115/115 MP: 21/21
 16771 | Lair:5   | Entered Level 5 of the Lair of Beasts
 16977 | Lair:5   | Found a staircase to the Slime Pits.
 17198 | Lair:5   | Reached XP level 16. HP: 105/121 MP: 22/22
 17266 | Lair:5   | Reached skill level 15 in Shields
 18540 | Lair:5   | Identified the +2 leather armour "Qeetawna" {rF+ Int+4}
 18755 | Lair:5   | Gained mutation: Potions are less effective at restoring
                  | your health. [potion of mutation]
 18755 | Lair:5   | Lost mutation: Potions are less effective at restoring your
                  | health. [potion of mutation]
 18755 | Lair:5   | Gained mutation: Your flesh is heat resistant. (rF+)
                  | [potion of mutation]
 18756 | Lair:5   | Lost mutation: Your flesh is heat resistant. (rF+) [potion
                  | of mutation]
 18756 | Lair:5   | Gained mutation: Your body sometimes deteriorates upon
                  | taking damage. [potion of mutation]
 18757 | Lair:5   | Lost mutation: Your body sometimes deteriorates upon taking
                  | damage. [potion of mutation]
 18757 | Lair:5   | Gained mutation: You are weak. (Str -2) [potion of
                  | mutation]
 18757 | Lair:5   | Gained mutation: Armour fits poorly on your strangely
                  | shaped body. [potion of mutation]
 19182 | D:11     | Reached skill level 10 in Invocations
 19221 | D:11     | Slain by an eight-headed hydra

Illustrated notes

Levels and vault maps discovered:
D:1:      beargit_arrival_diablo_church, layout_basic, minmay_pentomino_s2
D:2:      kennysheep_the_goblin_king, layout_basic, serial_shops,
          nicolae_shop_stone
D:3:      corexii_shack_village, layout_basic,
          mainiacjoe_overflow_surrounded_room, serial_bayou,
          serial_bayou_pond_b, serial_bayou_pond_b, serial_bayou_pond_e,
          serial_bayou_pond_b, uniq_sigmund
D:4:      layout_layer_cave, cheibriados_altar_1, old_standard_altar, uniq_ijyb
D:5:      layout_basic, portal_sewer_entry_d,
          nicolae_ossuary_entry_false_entrances
D:6:      layout_gridville, uniq_duvessa, uniq_crazy_yiuf_cottage, uniq_grinder,
          uniq_maggie
D:7:      layout_loops_corners, minmay_temple_entry_mini_moons
D:8:      layout_gridville, mainiacjoe_overflow_catwalk, lair_entry_dummy
D:9:      layout_loops_cross, nzn_wu_jian_council_hall,
          nicolae_ashenzari_skybound, nicolae_concentric_dashed_squares_mild,
          minmay_misc_feat_doors, grunt_ministairs_7
D:10:     layout_basic, minmay_door_square
D:11:     hangedman_what_comes_after_a, layout_cave_pools
Lair:1:   layout_layer_cave, basic_altar, wad_woods_01, lemuel_fruit_tree,
          infiniplex_staircase_pool_2, uniq_harold
Lair:2:   layout_loops_ring, nzn_ghost_randoct
Lair:3:   hellmonk_destroyed_diamonds, layout_gridlike,
          palyth_hydra_swamp_entry, spider_nest_entry_rubble,
          nicolae_volcano_entry_batcave, pond
Lair:4:   layout_gridlike, portal_ice_cave_entry_pillars_1, serial_forest,
          infiniplex_forest_corner_2, infiniplex_forest_pool,
          infiniplex_forest_clump_double, infiniplex_forest_fountain,
          infiniplex_forest_lined_room_2, infiniplex_forest_lined_2,
          infiniplex_forest_straight_2, infiniplex_forest_end_3,
          serial_bayou_shore_a, lemuel_fruit_fields, uniq_urug, uniq_josephine
Lair:5:   due_jungle_book, layout_regular_city, nicolae_slime_entry_slimehenge,
          minmay_lair_oklob_items

Skill      XL: |  1  2  3  4  5  6  7  8  9 10 11 12 13 14 15 16 |
---------------+-------------------------------------------------+-----
Axes           | 3 5 6 8 11 12 13 14 15 16 | 16.4
Armour         | 4 5 7 8 9 10 13 14 | 14.0
Dodging        | 1 4 5 6 |  6.0
Fighting       | 4 7 8 9 10 | 10.6
Shields        | 5 8 10 11 13 14 16 | 16.0
Stealth        | 1 |  1.1
Invocations    | 3 5 7 8 9 10 | 10.1

Action                   |  1- 3 |  4- 6 |  7- 9 | 10-12 | 13-15 | 16-18 || total
-------------------------+-------+-------+-------+-------+-------+-------++-------
Melee: War axe           |    67 |   138 |   228 |   112 |       |       ||   545
       Battleaxe         |       |       |       |   312 |   372 |   153 ||   837
Invok: Slouch            |       |       |       |       |    10 |     8 ||    18
       Step From Time    |       |       |       |       |       |     1 ||     1
 Abil: Dig               |       |       |       |     1 |       |       ||     1
  Use: Scroll            |     3 |     4 |    10 |       |     4 |     2 ||    23
       Potion            |     2 |     3 |     3 |     2 |     5 |     9 ||    24
 Stab: Sleeping          |       |       |       |     1 |       |       ||     1
       Invisible         |       |       |       |       |       |     4 ||     4
Armor: Scale mail        |    28 |    27 |    40 |    62 |    73 |       ||   230
       Plate armour      |       |       |       |       |    38 |    52 ||    90
Dodge: Dodged            |    27 |    81 |   118 |   278 |   253 |   107 ||   864
Block: Buckler           |    19 |    42 |   111 |   303 |   209 |       ||   684
       Reflection        |       |     2 |       |    10 |     7 |     3 ||    22
       Tower shield      |       |       |       |       |   256 |   278 ||   534
